[Event "Titled Tuesday Blitz February 14 Early 2023"]
[White "Aarav Dengla"]
[Black "Gedgafov, Chamal"]
[WhiteFideId "45059756"]
[BlackFideId "34130621"]
[WhiteElo "2343"]
[BlackElo "2118"]
[Result "1-0"]
[Round "06"]
[TimeControl "180+2"]
[Date "2023.02.15"]
[WhiteClock "0:00:09"]
[BlackClock "0:00:18"]

1. e4 e6 2. d4 d5 3. e5 c5 4. c3 Nc6 5. Nf3 Qb6 6. Be2 cxd4 7. cxd4 Nh6 8. Bxh6 Qxb2 9. Bd2 Qxa1 10. Qb3 Nxd4 11. Nxd4 Qxd4 12. Bb5+ Kd8 13. O-O Qxe5 14. Bc3 Qd6 15. Nd2 Bd7 16. Bd3 Bc6 17. Nf3 f6 18. Nd4 g6 19. Nxc6+ bxc6 20. Bxf6+ Kc7 21. Bxh8 Bh6 22. Bc3 Rb8 23. Qa4 Rb7 24. Qh4 Qf8 25. Be5+ Kd7 26. Rd1 Rb6 27. Qa4 Qa8 28. Bd4 Rb7 29. Ba6 Rc7 30. Bc5 Bf8 31. Qd4 Bxc5 32. Qxc5 Qb8 33. Qd4 Qf8 34. Rc1 Qd6 35. Qg7+ Qe7 36. Qg8 Kd6 37. Qh8 e5 38. Qb8 e4 39. Bb7 Kd7 40. Bxc6+ Kd6 41. Bxd5 e3 42. Qxc7+ Qxc7 43. Rxc7 Kxc7 44. fxe3 Kd6 45. Bg8 h6 46. Kf2 1-0


[Site "https://www.chess.com"]

[Event "Titled Tuesday Blitz February 14 Early 2023"]
[White "Mazurkiewicz, Michal"]
[Black "Colijn, Stefan"]
[WhiteFideId "1124943"]
[BlackFideId "1016199"]
[WhiteElo "2145"]
[BlackElo "2293"]
[Result "0-1"]
[Round "06"]
[TimeControl "180+2"]
[Date "2023.02.15"]
[WhiteClock "0:00:19"]
[BlackClock "0:00:19"]

1. e4 e5 2. Nf3 Nf6 3. d3 Nc6 4. g3 Bc5 5. Bg2 d6 6. O-O a6 7. c3 Ba7 8. b4 O-O 9. a4 Re8 10. Bb2 Ne7 11. Nbd2 Ng6 12. d4 c6 13. Re1 Be6 14. Qe2 h6 15. dxe5 dxe5 16. c4 a5 17. b5 Qc8 18. Nxe5 Nxe5 19. Bxe5 Ng4 20. Bb2 Nxf2 21. Kf1 Bg4 22. Bf3 Bh3+ 23. Bg2 Bxg2+ 24. Kxg2 Qh3+ 25. Kf3 Rad8 26. Ra3 Qg4+ 27. Kg2 Qh3+ 28. Kf3 f5 29. c5 fxe4+ 30. Kxf2 Bxc5+ 31. Re3 Qxh2+ 32. Kf1 Rf8+ 33. Nf3 Rxf3+ 34. Rxf3 Qg1# 0-1


[Site "https://www.chess.com"]

[Event "Titled Tuesday Blitz February 14 Early 2023"]
[White "Cueto, Jonny"]
[Black "Delorme, Axel"]
[WhiteFideId "3300145"]
[BlackFideId "632023"]
[WhiteElo "2122"]
[BlackElo "2483"]
[Result "0-1"]
[Round "06"]
[TimeControl "180+2"]
[Date "2023.02.15"]
[WhiteClock "0:00:05"]
[BlackClock "0:00:06"]

1. d4 d5 2. Bf4 e6 3. e3 c5 4. Nf3 Nc6 5. Nbd2 Nf6 6. c3 Nh5 7. Be5 f6 8. Bg3 Be7 9. Bd3 g6 10. Qe2 Bd7 11. e4 cxd4 12. cxd4 Nb4 13. exd5 Nxd3+ 14. Qxd3 exd5 15. O-O Nxg3 16. fxg3 O-O 17. Rfe1 Bd6 18. Re3 Qb6 19. Nh4 Kg7 20. Nb3 Rae8 21. Rae1 a5 22. Qc2 Bb4 23. Rxe8 Rxe8 24. Rxe8 Bxe8 25. Qc8 Ba4 26. Nc5 Bxc5 27. dxc5 Qxb2 28. Qc7+ Kh6 29. h3 Qd4+ 30. Kh2 Bc6 31. Qe7 f5 32. Qf8+ Qg7 33. Qd6 Qf7 34. Qf4+ Kg7 35. Nf3 d4 36. Ne5 Qd5 37. Nf3 d3 38. Qd4+ Qxd4 39. Nxd4 d2 40. Ne6+ Kf6 41. Nf4 d1=Q 42. h4 Qd2 43. Nh3 Qxg2# 0-1


[Site "https://www.chess.com"]

[Event "Titled Tuesday Blitz February 14 Early 2023"]
[White "Orujov, Elshad"]
[Black "Silvestre, Christian"]
[WhiteFideId "13403540"]
[BlackFideId "30956269"]
[WhiteElo "2304"]
[BlackElo "1942"]
[Result "0-1"]
[Round "06"]
[TimeControl "180+2"]
[Date "2023.02.15"]
[WhiteClock "0:00:02"]
[BlackClock "0:00:37"]

1. e4 c5 2. Nf3 d6 3. d4 cxd4 4. Nxd4 Nf6 5. Nc3 Nc6 6. Bg5 e6 7. Qd2 h6 8. Bxf6 Qxf6 9. O-O-O Nxd4 10. Qxd4 Qxd4 11. Rxd4 a6 12. Be2 Bd7 13. Rhd1 Bc6 14. f4 O-O-O 15. Bf3 Be7 16. Ne2 g5 17. g3 f5 18. Bh1 fxe4 19. Bxe4 Bf6 20. Rxd6 Bxe4 21. Rxe6 Bxb2+ 22. Kxb2 Rxd1 23. Rxe4 Kd7 24. Nc3 Rd2 25. h4 gxh4 26. gxh4 Rg8 27. Rc4 Rh2 28. f5 Rgg2 29. Ne4 b5 30. Rd4+ Ke7 31. f6+ Ke6 32. Rd6+ Kf7 33. Rd7+ Kf8 34. Nd6 Rxc2+ 35. Kb3 Rb2+ 36. Ka3 Rxa2+ 37. Kb3 Rhb2+ 38. Kc3 Rc2+ 39. Kd3 Rd2+ 40. Kc3 Rxd6 41. Rxd6 Kf7 42. Rb6 Ra4 43. Kd3 Kg6 44. Ke3 h5 45. Rc6 b4 46. Kf3 a5 47. Rb6 Ra3+ 48. Kf4 b3 49. Ke5 a4 50. Rb7 Ra2 51. Rg7+ Kh6 52. Rg5 Rf2 53. Ke6 b2 54. Rb5 a3 55. Rb8 Kh7 56. f7 a2 57. Rb5 b1=Q 58. Rxh5+ Kg7 59. Rg5+ Qg6+ 60. Rxg6+ Kxg6 61. h5+ Kxh5 0-1


[Site "https://www.chess.com"]

[Event "Titled Tuesday Blitz February 14 Early 2023"]
[White "Hrabinska, Myroslava"]
[Black "Miszler, Levente"]
[WhiteFideId "14109190"]
[BlackFideId "763276"]
[WhiteElo "2210"]
[BlackElo "2271"]
[Result "1-0"]
[Round "06"]
[TimeControl "180+2"]
[Date "2023.02.15"]
[WhiteClock "0:00:13"]
[BlackClock "0:01:05"]

1. e4 c6 2. d4 d5 3. e5 Bf5 4. Nf3 c5 5. Be2 Nc6 6. O-O e6 7. c4 cxd4 8. Nxd4 Nxd4 9. Qxd4 dxc4 10. Qxc4 Ne7 11. Bg5 Qc8 12. Qa4+ Nc6 13. Rc1 a6 14. Bf3 Be7 15. Bxe7 Kxe7 16. Qa3+ Ke8 17. Nd2 Qc7 18. Nc4 Rd8 19. Nd6+ Rxd6 20. exd6 Qd7 21. Bxc6 bxc6 22. Qxa6 Be4 23. Qa8+ Qd8 24. Qxd8+ Kxd8 25. a4 Kd7 26. a5 Kxd6 27. b4 Bd5 28. a6 Ra8 29. f3 Ra7 30. Rc5 Kc7 31. Kf2 Kb6 32. Rca5 Bc4 33. Ke3 Rxa6 34. Rxa6+ Bxa6 35. Kd4 f6 36. f4 Bb7 37. g3 Ba6 38. Ra5 Bb7 39. Kc3 Ba6 40. Ra1 Bb7 41. Re1 Bc8 42. Rd1 Kc7 43. Kc4 Ba6+ 44. Kc5 Be2 45. Rd6 Bf3 46. Rxe6 Kd7 47. Rd6+ Kc7 48. Rd3 Be4 49. Re3 Bg2 50. Re7+ Kd8 51. Rxg7 1-0


[Site "https://www.chess.com"]

[Event "Titled Tuesday Blitz February 14 Early 2023"]
[White "Papp, Petra"]
[Black "Ardila, Oscar Humberto"]
[WhiteFideId "739049"]
[BlackFideId "4404742"]
[WhiteElo "2343"]
[BlackElo "1982"]
[Result "0-1"]
[Round "06"]
[TimeControl "180+2"]
[Date "2023.02.15"]
[WhiteClock "0:00:01"]
[BlackClock "0:00:50"]

1. e4 e5 2. Nf3 Nf6 3. Nxe5 d6 4. Nf3 Nxe4 5. Nc3 Nxc3 6. dxc3 Be7 7. Be3 O-O 8. Bd3 Nd7 9. Qe2 Nf6 10. O-O-O c6 11. h4 b5 12. h5 Qa5 13. Kb1 Be6 14. a3 Nd5 15. Ng5 Nxc3+ 16. bxc3 Qxc3 17. Bd4 Qxa3 18. Nxe6 Qb4+ 19. Bb2 Bf6 20. c3 Bxc3 21. Nxf8 Rxf8 22. Bxh7+ Kh8 23. Bd3 a5 24. h6 g6 25. Qc2 Bd4 26. Ka2 c5 27. Bxd4+ cxd4 28. Qb2 Qc5 29. Bb1 f6 30. Qxd4 Qg5 31. g3 b4 32. h7 Qb5 33. Bc2 a4 34. Bxa4 Qxa4+ 35. Kb1 b3 36. Qb2 Qe4+ 37. Kc1 Rc8+ 38. Kd2 Rc2+ 39. Qxc2 Qxc2+ 40. Ke3 b2 41. Rxd6 Qc5+ 42. Rd4 Qc1+ 43. Ke4 Qxh1+ 44. Kf4 b1=Q 0-1


[Site "https://www.chess.com"]

[Event "Titled Tuesday Blitz February 14 Early 2023"]
[White "Mesa Cruz, Juan Carlos"]
[Black "Smith, Garrett L"]
[WhiteFideId "6423400"]
[BlackFideId "2024829"]
[WhiteElo "2122"]
[BlackElo "2047"]
[Result "0-1"]
[Round "06"]
[TimeControl "180+2"]
[Date "2023.02.15"]
[WhiteClock "0:00:01"]
[BlackClock "0:00:17"]

1. e4 c5 2. Nf3 Nc6 3. d4 cxd4 4. Nxd4 e5 5. Nb5 d6 6. N1c3 a6 7. Na3 Be7 8. Nc4 Nf6 9. a4 O-O 10. Be3 Be6 11. Bb6 Qd7 12. Ne3 Bd8 13. Bxd8 Rfxd8 14. Qf3 Nd4 15. Qg3 Rac8 16. Bd3 b5 17. axb5 axb5 18. O-O b4 19. Ncd5 Bxd5 20. Nxd5 Nxd5 21. exd5 Nxc2 22. Ra6 Nd4 23. h4 Rc5 24. Rfa1 Rdc8 25. Ra7 R5c7 26. R7a6 h6 27. Re1 f5 28. f4 e4 29. Bxe4 fxe4 30. Rxe4 Rc1+ 31. Kh2 Nf5 32. Qg4 Rf8 33. Re6 Qb5 34. Ra7 Qf1 0-1


[Site "https://www.chess.com"]

[Event "Titled Tuesday Blitz February 14 Early 2023"]
[White "Korpics, Zsolt"]
[Black "Boder, Jan"]
[WhiteFideId "705241"]
[BlackFideId "16243226"]
[WhiteElo "2300"]
[BlackElo "2294"]
[Result "1-0"]
[Round "06"]
[TimeControl "180+2"]
[Date "2023.02.15"]
[WhiteClock "0:01:32"]
[BlackClock "0:00:04"]

1. e4 e5 2. Nf3 Nc6 3. Bb5 a6 4. Ba4 Nf6 5. O-O Nxe4 6. d4 b5 7. Bb3 d5 8. dxe5 Bc5 9. Qxd5 Qxd5 10. Bxd5 Nxf2 11. Bxc6+ Bd7 12. Bxd7+ Kxd7 13. Rxf2 Kc6 14. Nc3 Rad8 15. Kf1 b4 16. Ne4 Rd1+ 17. Ke2 Bxf2 18. Nxf2 Rhd8 19. Nxd1 1-0


[Site "https://www.chess.com"]

[Event "Titled Tuesday Blitz February 14 Early 2023"]
[White "SicilianPanzer"]
[Black "Avazkhonov, Alikhon"]
[BlackFideId "14208504"]
[WhiteElo "2240"]
[BlackElo "1538"]
[Result "1-0"]
[Round "06"]
[TimeControl "180+2"]
[Date "2023.02.15"]
[WhiteClock "0:00:04"]
[BlackClock "0:00:13"]

1. e4 c5 2. Nc3 Nc6 3. Bb5 Nd4 4. Bc4 g6 5. Nf3 Bg7 6. Nxd4 cxd4 7. Qf3 e6 8. Nb5 d6 9. Qa3 Bf8 10. Nxd4 d5 11. Bb5+ Bd7 12. Qa4 dxe4 13. Nb3 Bxb5 14. Qxb5+ Qd7 15. Qe5 f6 16. Qxe4 e5 17. d4 O-O-O 18. Be3 Re8 19. dxe5 Rxe5 20. Qc4+ Qc7 21. Qxc7+ Kxc7 22. O-O-O Kc8 23. Bxa7 Bh6+ 24. Kb1 Ne7 25. Rhe1 Nc6 26. Bb6 Rhe8 27. Rxe5 Rxe5 28. a4 Re2 29. Nd4 Re7 30. Nxc6 bxc6 31. a5 Kb7 32. c4 Bf4 33. g3 Be5 34. b4 Ka6 35. Rd8 Kb7 36. b5 cxb5 37. cxb5 Bc3 38. Kc2 Bb4 39. Kb3 Be1 40. f4 g5 41. Bc5 Rc7 42. a6# 1-0


[Site "https://www.chess.com"]

[Event "Titled Tuesday Blitz February 14 Early 2023"]
[White "Cramling Bellon, Anna"]
[Black "Martinez, Shawn"]
[WhiteFideId "32009232"]
[BlackFideId "2039770"]
[WhiteElo "2043"]
[BlackElo "1881"]
[Result "1-0"]
[Round "06"]
[TimeControl "180+2"]
[Date "2023.02.15"]
[WhiteClock "0:00:03"]
[BlackClock "0:00:03"]

1. d4 Nf6 2. c4 g6 3. Nc3 d6 4. e4 Bg7 5. h3 O-O 6. Nf3 Nbd7 7. Bg5 h6 8. Be3 e5 9. d5 a5 10. Be2 Nc5 11. Qc2 b6 12. g4 Ne8 13. O-O-O f5 14. gxf5 gxf5 15. Rdg1 Qf6 16. h4 fxe4 17. Nxe4 Nxe4 18. Ng5 hxg5 19. hxg5 Qg6 20. Bh5 Qf5 21. Bg4 Qg6 22. Bh5 Qf5 23. Bg4 Qxg4 24. Rxg4 Bxg4 25. Qxe4 Bf5 26. Qh4 Bg6 27. Qg4 Rf5 28. Rh3 Bf8 29. Rf3 Ng7 30. Rxf5 Bxf5 31. Qh4 a4 32. f3 Rb8 33. a3 b5 34. Qh6 bxc4 35. g6 Bxg6 36. Qxg6 Rb3 37. Bh6 Rxf3 38. Bxg7 Bxg7 39. Qe6+ Rf7 40. Qc8+ Bf8 41. Qg4+ Rg7 42. Qe6+ Kh8 43. Qh6+ Kg8 44. Qe6+ Rf7 45. Kc2 Bg7 46. Kc3 Bf8 47. Qg6+ Rg7 48. Qe6+ Kh8 49. Kxc4 1-0


[Site "https://www.chess.com"]

[Event "Titled Tuesday Blitz February 14 Early 2023"]
[White "Manon-og, Ramon Jr."]
[Black "Nugumanov, Bakhtiyar"]
[WhiteFideId "5200776"]
[BlackFideId "13701797"]
[WhiteElo "1999"]
[BlackElo "2316"]
[Result "0-1"]
[Round "06"]
[TimeControl "180+2"]
[Date "2023.02.15"]
[WhiteClock "0:00:03"]
[BlackClock "0:00:05"]

1. e4 d6 2. d4 Nf6 3. Nc3 e5 4. Be3 Be7 5. Qd2 exd4 6. Bxd4 Nc6 7. Bb5 O-O 8. Nge2 Nxd4 9. Nxd4 c6 10. Bd3 d5 11. exd5 cxd5 12. O-O Bb4 13. a3 Ba5 14. b4 Bb6 15. Nf3 Re8 16. Rad1 Bg4 17. Be2 Rc8 18. h3 Bh5 19. Bb5 Bxf3 20. gxf3 Re5 21. Rfe1 Rh5 22. Kg2 a6 23. Ba4 Qc7 24. Ne2 h6 25. Ng3 Rg5 26. f4 Rg6 27. Re5 Ne4 28. Qxd5 Nc3 29. Qd2 Nxa4 30. Rde1 Qc6+ 31. Kh2 Qxc2 32. R1e2 Qxd2 33. Rxd2 Rc3 34. Ne4 Rgc6 35. Nxc3 Rxc3 36. Re8+ Kh7 37. Rd7 Rxa3 38. Rxf7 Bxf2 39. Rd8 Bd4 40. Rxd4 Ra2+ 41. Kg3 Nc3 42. Rdd7 Ne4+ 43. Kf3 Nd2+ 44. Kg4 h5+ 45. Kxh5 Ra3 46. Rxg7+ Kh8 47. Rh7+ Kg8 0-1


[Site "https://www.chess.com"]

[Event "Titled Tuesday Blitz February 14 Early 2023"]
[White "Sabar, Ethmane Daouda"]
[Black "Weisz, Bryan"]
[WhiteFideId "19600097"]
[BlackFideId "30934133"]
[WhiteElo "2040"]
[BlackElo "1973"]
[Result "1-0"]
[Round "06"]
[TimeControl "180+2"]
[Date "2023.02.15"]
[WhiteClock "0:00:47"]
[BlackClock "0:00:16"]

1. e4 e5 2. Bc4 Qg5 3. Nf3 Qxg2 4. Rg1 Qh3 5. Bxf7+ Kd8 6. Rg3 Qh6 7. d4 Qb6 8. Bxg8 Rxg8 9. Nxe5 Nc6 10. Nc3 Nxe5 11. dxe5 Bc5 12. Bg5+ Ke8 13. Qh5+ g6 14. Qxh7 Rf8 15. O-O-O c6 16. Qxg6+ Rf7 17. Rf3 1-0


[Site "https://www.chess.com"]

[Event "Titled Tuesday Blitz February 14 Early 2023"]
[White "Larina, Maria"]
[Black "Fernandez Siles, Luis"]
[WhiteFideId "24113182"]
[BlackFideId "2209420"]
[WhiteElo "1948"]
[BlackElo "2218"]
[Result "1-0"]
[Round "06"]
[TimeControl "180+2"]
[Date "2023.02.15"]
[WhiteClock "0:00:03"]
[BlackClock "0:00:04"]

1. e4 c5 2. Nc3 Nc6 3. g3 g6 4. Bg2 Bg7 5. d3 d6 6. Be3 Nd4 7. Qd2 Rb8 8. Nd1 b5 9. c3 Nc6 10. f4 Bd7 11. Nf3 Nf6 12. h3 O-O 13. O-O b4 14. g4 bxc3 15. bxc3 Qa5 16. g5 Nh5 17. Kh2 f6 18. gxf6 Nxf6 19. Rg1 c4 20. Nd4 Nxd4 21. Bxd4 e5 22. fxe5 dxe5 23. Be3 cxd3 24. Qxd3 Bb5 25. c4 Bc6 26. Rf1 Rbd8 27. Qc2 Ba4 28. Qe2 Bc6 29. Qc2 Nh5 30. Rb1 Nf4 31. Bf3 Qc7 32. Nf2 Rf7 33. Ng4 h5 34. Nf2 Rdf8 35. Bh1 Qc8 36. Bxf4 Rxf4 37. Qe2 Qe6 38. Nd3 R4f7 39. Rxf7 Rxf7 40. Nc5 Qf6 41. Rb8+ Kh7 42. Bg2 Qf4+ 43. Kh1 Bh6 44. Ne6 Qc1+ 45. Kh2 Bf4+ 46. Nxf4 Qxf4+ 47. Kh1 Rd7 48. Rb2 g5 49. Qf2 g4 50. hxg4 Qc1+ 51. Kh2 Qf4+ 52. Qxf4 exf4 53. gxh5 Rf7 54. Bf3 Kh6 55. Kh3 Kg5 56. Re2 Bd7+ 57. Kh2 Be6 58. Rg2+ Kf6 59. Rc2 Ke5 60. c5 1-0


[Site "https://www.chess.com"]

[Event "Titled Tuesday Blitz February 14 Early 2023"]
[White "Skaric, Djuro"]
[Black "Broca Jimenez, Fernando"]
[WhiteFideId "934569"]
[BlackFideId "5104742"]
[WhiteElo "2334"]
[BlackElo "2075"]
[Result "1-0"]
[Round "06"]
[TimeControl "180+2"]
[Date "2023.02.15"]
[WhiteClock "0:02:41"]
[BlackClock "0:01:46"]

1. g3 g6 2. Bg2 Bg7 3. d3 Nf6 4. Nc3 O-O 5. e4 c5 6. f4 Nc6 7. Nf3 e6 8. O-O d5 9. e5 Nd7 10. h4 a6 11. h5 b5 12. Ng5 Qe7 13. hxg6 fxg6 14. Nxd5 exd5 15. Bxd5+ Kh8 16. Bxc6 Rb8 17. Be3 Nb6 18. Be4 Bh3 19. Nxh3 1-0


[Site "https://www.chess.com"]

[Event "Titled Tuesday Blitz February 14 Early 2023"]
[White "Vifleemskaia, Svetlana"]
[Black "Kiseleva, Arina"]
[WhiteFideId "4129490"]
[BlackFideId "4164989"]
[WhiteElo "1971"]
[BlackElo "1962"]
[Result "0-1"]
[Round "06"]
[TimeControl "180+2"]
[Date "2023.02.15"]
[WhiteClock "0:00:01"]
[BlackClock "0:00:14"]

1. d4 Nf6 2. c4 e6 3. Nc3 Bb4 4. e3 O-O 5. Ne2 Re8 6. a3 Bf8 7. f4 c5 8. Ng3 d5 9. Be2 cxd4 10. exd4 dxc4 11. Bxc4 Nc6 12. Be3 a6 13. O-O b5 14. Ba2 Bb7 15. Bf2 Ne7 16. Re1 Ned5 17. Nxd5 Nxd5 18. Qd2 Qf6 19. Be3 Nxe3 20. Qxe3 Rad8 21. Rad1 Bd6 22. Rf1 Bb8 23. Ne4 Qg6 24. Bb1 f5 25. Ng3 h5 26. Rf2 h4 27. Ne2 Ba7 28. Ba2 Qf6 29. Qe5 Qxe5 30. fxe5 Bd5 31. Bb1 Bc4 32. Kf1 Bxd4 33. Rf4 Bxe5 34. Rxd8 Rxd8 0-1


[Site "https://www.chess.com"]

[Event "Titled Tuesday Blitz February 14 Early 2023"]
[White "Jiganchine, Roman"]
[Black "Sailer, Mike"]
[WhiteFideId "2603667"]
[BlackFideId "2012901"]
[WhiteElo "2205"]
[BlackElo "2109"]
[Result "1-0"]
[Round "06"]
[TimeControl "180+2"]
[Date "2023.02.15"]
[WhiteClock "0:01:06"]
[BlackClock "0:00:02"]

1. e4 d5 2. exd5 Qxd5 3. Nc3 Qd6 4. d4 Nf6 5. Nf3 c6 6. g3 Bf5 7. Bg2 e6 8. O-O Be7 9. Bf4 Qd8 10. Re1 O-O 11. a4 a5 12. h3 h6 13. Qd2 Nbd7 14. Rad1 Nb6 15. b3 Bb4 16. Bxh6 gxh6 17. Ne5 Nbd5 18. Bxd5 Nxd5 19. Qxh6 Bxc3 20. g4 Bxc2 21. g5 Bxe1 22. Rxe1 Nf4 23. Kh2 Qxd4 24. Ng4 Qg7 25. Nf6+ 1-0


[Site "https://www.chess.com"]

[Event "Titled Tuesday Blitz February 14 Early 2023"]
[White "Ruiz Aguilar, Pablo Alexander"]
[Black "Michalski, Olaf"]
[WhiteFideId "4401352"]
[BlackFideId "1106740"]
[WhiteElo "2161"]
[BlackElo "2273"]
[Result "1-0"]
[Round "06"]
[TimeControl "180+2"]
[Date "2023.02.15"]
[WhiteClock "0:02:12"]
[BlackClock "0:00:23"]

1. e4 c5 2. Nf3 a6 3. c3 Nf6 4. e5 Nd5 5. d4 e6 6. Bc4 Nb6 7. Bb3 d6 8. exd6 Bxd6 9. dxc5 Bxc5 10. Qxd8+ Kxd8 11. O-O Nc6 12. Ng5 Ke7 13. Ne4 Nd7 14. Nxc5 Nxc5 15. Be3 Nd7 16. Nd2 b6 17. Nc4 Rb8 18. Rad1 Nce5 19. Bf4 f6 20. Rfe1 Nc5 21. Nxe5 fxe5 22. Bxe5 1-0


[Site "https://www.chess.com"]

[Event "Titled Tuesday Blitz February 14 Early 2023"]
[White "Necula, Iulian"]
[Black "Levitan, Caleb Levi"]
[WhiteFideId "1232380"]
[BlackFideId "14332620"]
[WhiteElo "1851"]
[BlackElo "2129"]
[Result "1-0"]
[Round "06"]
[TimeControl "180+2"]
[Date "2023.02.15"]
[WhiteClock "0:00:42"]
[BlackClock "0:00:01"]

1. d4 Nf6 2. Nc3 d5 3. Bf4 a6 4. e3 c5 5. Nf3 Nc6 6. Ne5 Bf5 7. g4 Bg6 8. h4 cxd4 9. exd4 Nxe5 10. dxe5 d4 11. Nb1 Nd5 12. Bd2 h5 13. g5 e6 14. Bg2 Bc5 15. O-O O-O 16. c4 dxc3 17. Nxc3 Nxc3 18. Bxc3 Qxd1 19. Raxd1 Rfd8 20. Bxb7 Rxd1 21. Rxd1 Rb8 22. Bxa6 Ra8 23. Bc4 Be4 24. b4 Bb6 25. Rd6 Bc7 26. Rd7 Rc8 27. Ba6 Ra8 28. b5 Bb6 29. a4 Rd8 30. Rxd8+ Bxd8 31. a5 Bd3 32. f4 Kf8 33. Kf2 Ke7 34. Ke3 Bf1 35. Bb4+ Kd7 36. Kd4 g6 37. Bd2 Bc7 38. Kc5 Bb8 39. Kb6 Bc7+ 40. Ka7 Bd8 41. b6 Be7 42. Bxf1 Bc5 43. Kb7 Kd8 44. a6 Kd7 45. a7 f5 46. gxf6 g5 47. hxg5 h4 48. Bg2 h3 49. Bc6+ Kd8 50. f7 1-0


[Site "https://www.chess.com"]

[Event "Titled Tuesday Blitz February 14 Early 2023"]
[White "Ricaurte Lopez, Juan Carlos"]
[Black "Jenkins, Drake"]
[WhiteFideId "3600327"]
[BlackFideId "2022397"]
[WhiteElo "2226"]
[BlackElo "2130"]
[Result "0-1"]
[Round "06"]
[TimeControl "180+2"]
[Date "2023.02.15"]
[WhiteClock "0:00:01"]
[BlackClock "0:01:28"]

1. e4 c6 2. d4 d5 3. exd5 cxd5 4. c4 Nf6 5. Nc3 g6 6. Nf3 Bg7 7. Ne5 O-O 8. c5 Be6 9. f4 Nfd7 10. Bb5 a6 11. Ba4 f6 12. Nf3 Bf7 13. Qe2 e5 14. fxe5 fxe5 15. Bg5 Qa5 16. O-O-O exd4 17. Nxd4 Nxc5 18. Bc2 Nc6 19. Nxc6 bxc6 20. Rhf1 d4 0-1


[Site "https://www.chess.com"]

[Event "Titled Tuesday Blitz February 14 Early 2023"]
[White "Rose, Felix"]
[Black "Vargas, Mauricio"]
[WhiteFideId "5105722"]
[BlackFideId "4404572"]
[WhiteElo "2091"]
[BlackElo "2035"]
[Result "1-0"]
[Round "06"]
[TimeControl "180+2"]
[Date "2023.02.15"]
[WhiteClock "0:00:12"]
[BlackClock "0:00:06"]

1. e4 d6 2. d4 Nf6 3. Nc3 g6 4. Nf3 Bg7 5. h3 e6 6. Be2 O-O 7. O-O Nc6 8. Be3 a6 9. a4 b6 10. Re1 Bb7 11. Qd2 Nd7 12. Rad1 f5 13. Bg5 Qe8 14. exf5 gxf5 15. Bc4 Qh5 16. Bxe6+ Rf7 17. Bxf7+ Kxf7 18. Bf4 Nf6 19. d5 Ne7 20. Ng5+ Kf8 21. Ne6+ Kf7 22. Nxg7 Qg6 23. Ne6 Nexd5 24. Nxd5 Nxd5 25. Ng5+ Kg8 26. c4 Nxf4 27. Qxf4 h6 28. Nf3 Rf8 29. Nh4 Qg7 30. Qg3 Qxg3 31. fxg3 Rf7 32. Re8+ Kg7 33. Rf1 Bc6 34. Re3 Bxa4 35. Nxf5+ Kg6 36. Ne7+ Kh7 37. Rxf7+ Kh8 38. Ng6+ Kg8 39. Rxc7 h5 40. Ree7 Bd7 41. Kf2 b5 42. Ke3 bxc4 43. Kf4 Bf5 44. Re8# 1-0


[Site "https://www.chess.com"]

[Event "Titled Tuesday Blitz February 14 Early 2023"]
[White "Schut, Han"]
[Black "Mohammadian, Mohammad"]
[WhiteFideId "1005561"]
[BlackFideId "12566055"]
[WhiteElo "2101"]
[BlackElo "1398"]
[Result "1-0"]
[Round "06"]
[TimeControl "180+2"]
[Date "2023.02.15"]
[WhiteClock "0:00:24"]
[BlackClock "0:00:05"]

1. e4 e5 2. Nf3 Nc6 3. Bc4 Bc5 4. c3 Nf6 5. d4 exd4 6. b4 Bb6 7. e5 d5 8. exf6 dxc4 9. Qe2+ Be6 10. b5 Na5 11. fxg7 Rg8 12. Nxd4 Bxd4 13. cxd4 Qxd4 14. Bb2 Qg4 15. Qxg4 Bxg4 16. Bf6 Be6 17. Nc3 b6 18. O-O-O Nb7 19. Nd5 Bxd5 20. Rxd5 Nd6 21. Re1+ Kd7 22. Re7+ Kc8 23. Be5 Kd8 24. Bxd6 cxd6 25. Rxf7 Ke8 26. Rdf5 Rc8 27. Rf8+ Kd7 28. Rxc8 Rxg7 29. Ra8 Rxg2 30. Rxa7+ Ke6 31. Rf3 Rxh2 32. Rb7 Kd5 33. a4 Kc5 34. Kc2 d5 35. Rf5 Kd4 36. Rd7 Ke4 37. Rdxd5 Rxf2+ 38. Rxf2 Kxd5 39. Kc3 Ke6 40. Rh2 Kd5 41. Rxh7 Kc5 42. Rh5+ Kd6 43. Kxc4 Kc7 44. Rh6 Kb7 45. Kd5 Kc7 46. Rh7+ Kd8 47. Kc6 Ke8 48. Kxb6 Kf8 49. Rc7 Ke8 50. a5 Kd8 51. a6 Ke8 52. a7 Kd8 53. a8=Q# 1-0


[Site "https://www.chess.com"]

[Event "Titled Tuesday Blitz February 14 Early 2023"]
[White "I_KID_you_not"]
[Black "Ciuffoletti, Paolo"]
[BlackFideId "807630"]
[WhiteElo "2323"]
[BlackElo "2106"]
[Result "1-0"]
[Round "06"]
[TimeControl "180+2"]
[Date "2023.02.15"]
[WhiteClock "0:00:32"]
[BlackClock "0:00:23"]

1. e4 c5 2. Nc3 Nc6 3. Bb5 e6 4. Bxc6 bxc6 5. d3 d6 6. f4 Nf6 7. Nf3 Be7 8. O-O O-O 9. e5 Nd5 10. Ne4 f5 11. exd6 fxe4 12. dxe7 Qxe7 13. Ng5 e5 14. fxe5 Rxf1+ 15. Qxf1 h6 16. Nxe4 Qxe5 17. Qf2 c4 18. Bd2 cxd3 19. cxd3 Bf5 20. Bc3 Nxc3 21. Nxc3 Bxd3 22. Re1 Qf5 23. Qxf5 Bxf5 24. Re7 Rb8 25. b3 Rd8 26. Rxa7 Rd3 27. Ne2 Be4 28. Kf2 Rd2 29. Ke3 1-0


[Site "https://www.chess.com"]

[Event "Titled Tuesday Blitz February 14 Early 2023"]
[White "Floresvillar Gonzalez, Luis Migu"]
[Black "Kornyukov, Alexey"]
[WhiteFideId "5100542"]
[BlackFideId "4150457"]
[WhiteElo "2043"]
[BlackElo "2452"]
[Result "0-1"]
[Round "06"]
[TimeControl "180+2"]
[Date "2023.02.15"]
[WhiteClock "0:00:01"]
[BlackClock "0:00:10"]

1. d4 d5 2. c3 Nf6 3. Nf3 Bg4 4. Ne5 e6 5. Nxg4 Nxg4 6. Bf4 Bd6 7. e3 Bxf4 8. exf4 Nf6 9. Nd2 O-O 10. Bd3 c5 11. dxc5 Nc6 12. b4 d4 13. b5 dxc3 14. Ne4 Nxe4 15. Bxe4 Ne7 16. Qc2 f5 17. Bxb7 Rb8 18. c6 Qd4 19. O-O Qxf4 20. Qxc3 Nd5 21. Qc2 Qg5 22. c7 Nxc7 23. Qxc7 f4 24. f3 Qxb5 25. Be4 Rfc8 26. Qxa7 Qb2 27. Rab1 Qe5 28. Rxb8 Rxb8 29. Re1 Qd6 30. a4 Rb2 31. Qa8+ Kf7 32. Qc6 Qd4+ 33. Kh1 Qf2 34. Rg1 Kf6 35. h3 Qd4 36. Qa6 Qd2 37. Qf1 Rb3 38. Bc6 e5 39. Bb5 Re3 40. Qb1 Qd6 41. Qxh7 Qe7 42. Qh4+ Kf7 43. Qxe7+ Kxe7 44. Rd1 Ra3 45. Kg1 Ra2 46. Re1 Ke6 0-1


[Site "https://www.chess.com"]

[Event "Titled Tuesday Blitz February 14 Early 2023"]
[White "Willathgamuwa, Kevin"]
[Black "Jesusesmifuerza"]
[WhiteFideId "3214168"]
[WhiteElo "2062"]
[BlackElo "2006"]
[Result "1-0"]
[Round "06"]
[TimeControl "180+2"]
[Date "2023.02.15"]
[WhiteClock "0:00:35"]
[BlackClock "0:00:05"]

1. e4 c5 2. c3 Nf6 3. e5 Nd5 4. d4 cxd4 5. Nf3 d6 6. cxd4 e6 7. Bd3 Nc6 8. a3 Be7 9. O-O O-O 10. Qe2 b6 11. Qc2 Bb7 12. Bxh7+ Kh8 13. Be4 Rc8 14. Qe2 dxe5 15. dxe5 g6 16. Qd2 Qc7 17. Qh6+ Kg8 18. Bxd5 exd5 19. Bf4 Qd7 20. Re1 Qe6 21. Nc3 Rfd8 22. Nb5 Bf8 23. Qh4 d4 24. Bg5 Rd7 25. Bf6 Bg7 26. Ng5 Bxf6 27. Qh7+ Kf8 28. Nxe6+ 1-0


[Site "https://www.chess.com"]